 Dungeon Crawl Stone Soup version 0.26-a0-937-g67df3f2acb (webtiles) character file.

Game seed: 8904646971407915976

45 KristoblXynda the Slasher (level 3, 0/30 HPs)
             Began as a Draconian Gladiator on Nov 27, 2020.
             Slain by Sigmund
             ... wielding a +5 scythe of venom
              (9 damage)
             ... on level 2 of the Dungeon.
             The game lasted 00:01:14 (921 turns).

KristoblXynda the Slasher (Draconian Gladiator)      Turns: 921, Time: 00:01:15

Health: 0/30       AC:  5    Str: 16    XL:     3   Next: 42%
Magic:  3/3        EV: 13    Int:  9    God:
Gold:   16         SH:  0    Dex: 12    Spells: 2/2 levels left

rFire    . . .     SeeInvis .   a - +0 long sword
rCold    . . .     Faith    .   (no shield)
rNeg     . . .     Spirit   .   (armour unavailable)
rPois    .         Reflect  .   b - +0 hat
rElec    .         Harm     .   (no cloak)
rCorr    .         Rampage  .   (no gloves)
MR       .....                  (no boots)
Stlth    +.........             (no amulet)
HPRegen  0.10/turn              (no ring)
MPRegen  0.08/turn              (no ring)

@: lethally poisoned (0 -> -11)
A: unfitting armour, cold-blooded, AC +5
a: no special abilities


You were on level 2 of the Dungeon.
You visited 1 branch of the dungeon, and saw 2 of its levels.

You collected 16 gold pieces.

Inventory:

Hand Weapons
 a - a +0 long sword (weapon)
Missiles
 c - 3 throwing nets (quivered)
Armour
 b - a +0 hat (worn)
Scrolls
 d - 2 scrolls of identify {unknown}
 f - a scroll of noise {unknown}
 g - 2 scrolls of remove curse {unknown}
 h - a scroll of fog {unknown}
Potions
 e - 2 potions of heal wounds {unknown}
 i - a potion of haste {unknown}
 j - a potion of brilliance {unknown}
 k - a potion of curing {unknown}
 l - a potion of attraction {unknown}


   Skills:
 + Level 2.9 Fighting
 * Level 3.7 Long Blades
 - Level 2.0 Throwing
 + Level 3.1 Dodging


You had 2 spell levels left.
You didn't know any spells.
Your spell library was empty.

Dungeon Overview and Level Annotations

Branches:
Dungeon (2/15)

Altars:
Fedhas

Annotations:
D:2 Sigmund


Innate Abilities, Weirdness & Mutations

Your plain brown scales are hard. (AC +5)
You cannot fit into any form of body armour.
You are cold-blooded and may be slowed by cold attacks.


Message History

You hit the giant cockroach but do no damage.
You feel sick. The giant cockroach closely misses you.
You riposte.
You closely miss the giant cockroach.
A giant cockroach comes into view.
The giant cockroach bites you but does no damage.
Something hits you but does no damage.
A hobgoblin comes into view. It is wielding a -3 club.
You feel sick.
You feel sick.
A hobgoblin comes into view. It is wielding a +0 club.
You feel sick.
The hobgoblin shouts! x2
You hit the hobgoblin.
You tail-slap the hobgoblin, but do no damage.
The hobgoblin is moderately wounded.
You feel sick. The giant cockroach closely misses you.
The hobgoblin barely misses you. The giant cockroach bites you.
* * * LOW HITPOINT WARNING * * *
Something hits you!
You die...

...# #.##.# #..
...#####....# ...
...##....##.##.# #
..........#.#..# ..
..##.#.(#.(...# ..#
........#.#.#####
...
.#.##.#.._......# ..
##.#..###[#.###B##.#
##.#.## #...# #.@g.#
.. #...(# ####....#
. #.##.. .#.# ...
##.# .. ..B. .# .#
#.. .. # ... .. ...


You could see a giant cockroach and a hobgoblin.

Vanquished Creatures
  An ooze (D:1)
  3 dart slugs (D:1)
  5 bats
  A giant cockroach (D:1)
  5 goblins (D:1)
  6 hobgoblins
  5 kobolds
  A ball python (D:1)
  2 frilled lizards (D:1)
  4 rats (D:1)
33 creatures vanquished.

Notes
Turn   | Place    | Note
-------+----------+-------------------------------------------
     0 | D:1      | KristoblXynda the Draconian Gladiator began the quest for
                  | the Orb.
     0 | D:1      | Reached XP level 1. HP: 17/17 MP: 1/1
   134 | D:1      | Reached XP level 2. HP: 25/25 MP: 2/2
   561 | D:1      | Reached XP level 3. HP: 30/30 MP: 3/3
   891 | D:2      | Found a blossoming altar of Fedhas.
   907 | D:2      | Noticed Sigmund
   921 | D:2      | Slain by Sigmund

Illustrated notes

Levels and vault maps discovered:
D:1:      lightli_iron_boxes, layout_basic
D:2:      layout_rooms, makhleb_blood_cavern_becter, lemuel_crystal_altar,
          yredelemnul_altar_generic, uniq_sigmund

Skill      XL: |  1  2 |
---------------+-------+-----
Throwing       | 2 |  2.0
Dodging        | 3 |  3.1
Fighting       | |  2.9
Long Blades    | |  3.7

Action                   || total
-------------------------++-------
Melee: Long sword        ||    62
       Tailslap          ||     6
 Stab: Sleeping          ||     1
       Distracted        ||     1
Armor: Skin              ||    23
Dodge: Dodged            ||    60
       Rpst.: Long sword ||    15

Table legend: (Time is in decaauts)
 A = Elapsed time spent in this place.
 B = Non-inter-level travel time spent in this place.
 C = Inter-level travel time spent in this place.
 D = Time resting spent in this place.
 E = Time spent auto-exploring this place.
 F = Levels seen in this place.
 G = Mean time per level.
                   A        B        C        D        E       F      G
               +--------+--------+--------+--------+--------+-----+--------+
         Total |    934 |    905 |     29 |      5 |    691 |   2 |  467.0 |
       Dungeon |    934 |    905 |     29 |      5 |    691 |   2 |  467.0 |
               +--------+--------+--------+--------+--------+-----+--------+

Top non-repeatable levels by time:
     D:1: 857 daAuts
     D:2: 77 daAuts
